 Dungeon Crawl Stone Soup version 0.13.1-17-g0f9d4ff (webtiles) character file.

246 Psiweapon the Vexing (level 4, 0/30 HPs)
             Began as a Vampire Enchanter on Dec 17, 2013.
             Slain by a worker ant (2 damage)
             ... on Level 3 of the Dungeon.
             The game lasted 00:08:36 (2762 turns).

Psiweapon the Vexing (Vampire Enchanter)            Turns: 2762, Time: 00:08:36

HP   0/30        AC  3     Str 13      XL: 4   Next: 75%
MP   2/8         EV 12     Int 17      God:
Gold 126         SH  0     Dex 14      Spells:  2 memorised,  2 levels left

Res.Fire  : . . .   See Invis. : +   a - +1 dagger {=f}
Res.Cold  : . . .   Warding    : .   b - +1 robe
Life Prot.: + . .   Conserve   : .   (no shield)
Res.Poison: .       Res.Corr.  : .   (no helmet)
Res.Elec. : .       Clarity    : .   (no cloak)
Sust.Abil.: . .     Spirit.Shd : .   (no gloves)
Res.Mut.  : .       Stasis     : .   (no boots)
Res.Rott. : .       Flight     : .   (no amulet)
Saprovore : . . .                    (no ring)
                                     (no ring)

@: mighty, mildly poisoned, very slightly contaminated, slightly resistant to
hostile enchantments, quite stealthy
A: fangs 3, see invisible, unbreathing
a: Bat Form


You were on level 3 of the Dungeon.
You were not thirsty.

You visited 1 branch of the dungeon, and saw 3 of its levels.

You collected 106 gold pieces.

Inventory:

Hand weapons
 a - a +1,+1 dagger (weapon) {=f}
 j - a +1,+2 sling of flame
Missiles
 d - 12 darts (quivered)
Armour
 b - a +1 robe (worn)
Scrolls
 f - a scroll of curse weapon {unknown}
 g - 3 scrolls of identify {unknown}
 m - a scroll of amnesia {unknown}
 n - a scroll of recharging {unknown}
 o - a scroll of enchant weapon I {unknown}
 p - a scroll of enchant armour {unknown}
Jewellery
 h - an uncursed amulet of resist mutation {unknown}
 k - an uncursed ring of flight {unknown}
Potions
 e - 2 potions of blood
 l - a potion of agility {unknown}
Books
 c - a book of Maledictions

   Spells                             Type                      Level
   *Corona                            Hexes                        1
   Sure Blade                         Hexes/Charms                 2
   *Ensorcelled Hibernation           Hexes/Ice                    2
   Confuse                            Hexes                        3
   Enslavement                        Hexes                        4
   Invisibility                       Hexes                        6


   Skills:
 - Level 1.1 Short Blades
 - Level 0.7 Throwing
 - Level 2.1 Dodging
 + Level 6.1 Stealth
 - Level 1.0 Spellcasting
 + Level 6.3 Hexes


You had 2 spell levels left.
You knew the following spells:

 Your Spells              Type           Power        Failure   Level  Hunger
a - Corona                Hex            ###....      1%          1    ##.....
b - Ensorcelled Hibernat  Hex/Ice        ##....       12%         2    ###....


Dungeon Overview and Level Annotations

Branches:
Dungeon (3/27)

Altars:


Innate Abilities, Weirdness & Mutations

You have razor-sharp teeth.*
You have supernaturally acute eyesight.
You can survive without breathing.*


Message History

You feel sick.
You feel a little better. The worker ant closely misses you.
You barely miss the worker ant. Your bite misses the worker ant.
The worker ant is moderately wounded.
The worker ant bites you.
* * * LOW HITPOINT WARNING * * *
Use which ability? (? or * to list)
You haven't enough magic at the moment.
The worker ant bites you.
* * * LOW HITPOINT WARNING * * *
You are more poisoned.
The worker ant poisons you!
* * * LOW HITPOINT WARNING * * *
You feel sick.
Drink which item? (? for menu, Esc to quit)
You feel very mighty all of a sudden.
It was a potion of might.
The worker ant completely misses you. The worker ant bites you.
You die...

#.................
#.................
###......o.....a... ######
................... .......
................o.. .......
.......########### #######
.......#
.......##########################
(......).......a@................
..........................)......
..################...............
..# #...............
#...............
############..........<....
...........................
............................
............................


You could see a worker ant.

Vanquished Creatures
  5 adders (D:2)
  A gnoll (D:1)
  A giant mite (D:2)
  A worm (D:2)
  3 giant geckos
  2 orcs (D:3)
  A ball python (D:2)
  4 giant cockroaches
  8 hobgoblins
  8 bats
  3 giant newts
  2 goblins
  3 jackals (D:1)
  7 rats
49 creatures vanquished.

Notes
Turn   | Place    | Note
--------------------------------------------------------------
     0 | D:1      | Psiweapon, the Vampire Enchanter, began the quest for the Orb.
     0 | D:1      | Reached XP level 1. HP: 13/13 MP: 4/4
   157 | D:1      | Reached XP level 2. HP: 11/19 MP: 3/5
   174 | D:1      | Learned a level 2 spell: Ensorcelled Hibernation
   322 | D:1      | Reached skill level 5 in Hexes
   763 | D:1      | Reached XP level 3. HP: 24/24 MP: 6/6
  1313 | D:2      | Reached skill level 5 in Stealth
  1421 | D:2      | Reached XP level 4. HP: 30/30 MP: 5/8
  1540 | D:2      | Reached skill level 6 in Hexes
  2762 | D:3      | Slain by a worker ant

Action                   |  1- 3 |  4- 6 || total
-------------------------+-------+-------++-------
Melee: Dagger            |    67 |    67 ||   134
Throw: Dart              |     2 |     2 ||     4
 Cast: Corona            |     1 |     2 ||     3
       Ensorcelled Hiber |    17 |    10 ||    27
  Use: Potion            |       |     2 ||     2
 Stab: Sleeping          |    22 |    10 ||    32
